AoeStats
← Darealown

Arena

509712454Analyzed
4v4 RM · 6d ago on Sep 27, 2026· 67m 45s· 8 players
Game mode
Random Map
Map size
Large (8 player)
Population
200
Speed
Normal
Resources
Standard
Victory
Conquest
Starting age
Dark Age
Ending age
Imperial Age
RankedLock teamsTeams togetherTeam positionsShared explorationLock speedFull tech treeHidden civsTurbo modeCheats
Victory
Defeat
🇨🇱 Varangians · Chile
1575
+11
🇦🇷 Teutons · Argentina
1515
+13
🇺🇾 Poles · Uruguay
1391
+18
🇨🇴 Italians · Colombia
1348
+20
🇲🇽 Saxons · Mexico
1531
-19
🇨🇭 Cumans · Switzerland
1439
-15
🇩🇪 Khmer · Germany
1415
-14
🇪🇸 Turks · Spain
1412
-14
edengr7
9:12 Feudal Age
8:05 Loom
12:16 Fletching
14:45 Wheelbarrow
17:49 Castle Age
15:57 Stone Mining
17:49 Double-Bit Axe
19:02 Horse Collar
24:12 Forging
24:04 Scale Mail Armor
24:59 Bow Saw
31:13 Imperial Age
30:18 Heavy Plow
30:15 Bodkin Arrow
31:03 Padded Archer Armor
32:07 Sanctity
32:09 Bracer
32:12 Gold Mining
32:00 Crossbowman
33:22 Conscription
33:23 Leather Archer Armor
34:36 Gold Shaft Mining
34:47 Ballistics
35:46 Hand Cart
37:04 Thumb Ring
37:45 Town Watch
38:00 Arbalester
41:31 Chemistry
42:13 Ring Archer Armor
41:11 Capped Ram
42:36 Forging
42:42 Chain Mail Armor
42:30 Squires
42:15 Arson
44:28 Iron Casting
44:24 Plate Mail Armor
44:02 Man-at-Arms
44:28 Gambesons
46:07 Siege Engineers
45:27 Long Swordsman
46:21 Two-Handed Swordsman
46:41 Pikeman
46:45 Shield Wall
46:57 Champion
48:58 Guard Tower
50:28 Two-Man Saw
49:58 Crop Rotation
50:42 Keep
49:58 Halberdier
50:50 Onager
51:42 Arrowslits
53:17 Caravan
56:39 Halberdier
58:20 Masonry
58:51 Siege Ram
62:40 Architecture
63:02 Murder Holes
Darealown
10:40 Feudal Age
13:21 Castle Age
11:21 Double-Bit Axe
12:06 Horse Collar
14:20 Bow Saw
14:29 Heavy Plow
17:58 Loom
19:56 Wheelbarrow
20:06 Gold Mining
23:49 Hand Cart
25:07 Scale Barding Armor
26:09 Chain Barding Armor
26:00 Forging
26:40 Bloodlines
26:32 Husbandry
29:39 Imperial Age
28:41 Iron Casting
28:23 Light Cavalry
29:35 Ballistics
29:48 Elite Battle Elephant
31:09 Plate Barding Armor
31:34 Blast Furnace
31:08 Conscription
30:50 Tusk Swords
32:04 Siege Engineers
33:28 Crop Rotation
34:05 Chemistry
34:13 Capped Ram
34:57 Double Crossbow
35:33 Hoardings
35:18 Masonry
35:06 Heavy Scorpion
37:53 Capped Ram
38:12 Hussar
41:06 Architecture
40:03 Siege Ram
45:17 Caravan
57:46 Padded Archer Armor
57:40 Fletching
60:14 Coinage
60:15 Scale Mail Armor
62:05 Chain Mail Armor
62:20 Pikeman
62:46 Arson
63:29 Bodkin Arrow
63:08 Halberdier
pepe_del_pardo
11:14 Feudal Age
9:30 Loom
12:17 Double-Bit Axe
12:13 Horse Collar
16:29 Wheelbarrow
17:58 Castle Age
26:36 Wheelbarrow
33:20 Imperial Age
32:18 Hand Cart
32:19 Bow Saw
32:13 Heavy Plow
33:33 Padded Archer Armor
40:39 Hand Cart
40:09 Town Watch
44:04 Town Patrol
47:12 Bloodlines
47:03 Husbandry
49:20 Two-Man Saw
50:16 Forging
50:11 Scale Barding Armor
51:48 Fletching
54:17 Iron Casting
54:02 Chain Barding Armor
56:57 Blast Furnace
56:36 Plate Barding Armor
57:12 Bodkin Arrow
58:08 Masonry
57:54 Murder Holes
ChickenHunter
8:32 Feudal Age
9:53 Double-Bit Axe
11:01 Horse Collar
16:05 Wheelbarrow
20:01 Castle Age
17:47 Loom
18:32 Gold Mining
19:25 Scale Barding Armor
19:30 Forging
19:32 Bloodlines
20:59 Bow Saw
20:52 Heavy Plow
24:25 Iron Casting
23:50 Capped Ram
25:33 Chain Barding Armor
27:16 Gold Shaft Mining
27:34 Hand Cart
30:35 Stone Mining
35:47 Imperial Age
33:46 Town Watch
37:29 Plate Barding Armor
37:55 Blast Furnace
36:19 Cavalier
38:47 Guilds
38:01 Paladin
40:01 Coinage
41:33 Banking
41:43 Crop Rotation
42:16 Two-Man Saw
43:42 Fletching
44:07 Masonry
44:25 Ballistics
46:05 Herbal Medicine
46:59 Caravan
46:22 Light Cavalry
47:43 Hussar
49:05 Steppe Husbandry
49:26 Conscription
64:17 Bodkin Arrow
SrBlack
7:33 Loom
10:04 Feudal Age
11:33 Fletching
15:53 Double-Bit Axe
16:28 Horse Collar
21:27 Castle Age
20:01 Stone Mining
20:14 Gold Mining
23:04 Bow Saw
25:25 Murder Holes
25:52 Ballistics
25:10 Crossbowman
25:57 Thumb Ring
28:32 Wheelbarrow
28:10 Bodkin Arrow
29:17 Heavy Plow
32:03 Hand Cart
34:54 Imperial Age
33:43 Ballistics
36:36 Chemistry
38:09 Conscription
37:58 Arbalester
40:34 Elite Skirmisher
AxD | Ivan01
11:22 Feudal Age
15:06 Castle Age
13:18 Double-Bit Axe
13:36 Horse Collar
16:50 Bow Saw
21:45 Szlachta Privileges
22:34 Wheelbarrow
21:47 Loom
22:27 Bloodlines
22:38 Husbandry
23:20 Forging
25:20 Iron Casting
26:14 Scale Barding Armor
27:24 Chain Barding Armor
27:59 Gold Mining
31:42 Hand Cart
34:19 Imperial Age
31:54 Town Watch
32:42 Light Cavalry
33:37 Heavy Plow
35:03 Herbal Medicine
34:52 Cavalier
36:34 Blast Furnace
35:04 Winged Hussar
38:11 Conscription
46:53 Chemistry
46:02 Siege Engineers
47:50 Lechitic Legacy
AxD | Keiokenkun-Uno-Puro
5:33 Loom
8:43 Feudal Age
11:28 Loom
13:01 Wheelbarrow
13:34 Fletching
13:43 Double-Bit Axe
16:44 Town Watch
25:24 Castle Age
25:14 Gold Mining
26:01 Horse Collar
27:28 Heavy Plow
32:53 Bow Saw
37:29 Imperial Age
35:12 Scale Mail Armor
35:23 Forging
37:08 Masonry
38:38 Crenellations
38:00 Pikeman
38:40 Squires
40:01 Bodkin Arrow
42:54 Fortified Wall
44:07 Halberdier
48:34 Chain Mail Armor
49:58 Plate Mail Armor
51:03 Iron Casting
53:03 Blast Furnace
53:22 Two-Man Saw
53:01 Crop Rotation
53:29 Hand Cart
55:12 Conscription
54:53 Stone Mining
56:03 Caravan
56:15 Guilds
55:38 Capped Ram
59:19 Chemistry
58:39 Ballistics
61:48 Hoardings
64:57 Elite Teutonic Knight
67:46 Padded Archer Armor
67:52 Scale Barding Armor
AxD | Cad Bane
10:38 Feudal Age
14:30 Castle Age
12:34 Double-Bit Axe
13:04 Horse Collar
15:37 Bow Saw
23:36 Wheelbarrow
25:53 Hand Cart
25:52 Loom
27:06 Gold Mining
29:49 Imperial Age
27:12 Town Watch
27:37 Scale Barding Armor
27:43 Forging
27:51 Stone Mining
28:09 Devotion
28:42 Chain Barding Armor
29:58 Gothikon
31:14 Plate Barding Armor
30:43 Scale Mail Armor
31:18 Iron Casting
30:08 Elite Varangian Guard
30:34 Arson
30:50 Squires
30:35 Gambesons
32:16 Scale Mail Armor
33:16 Blast Furnace
31:42 Capped Ram
32:38 Siege Ram
34:26 Chain Mail Armor
34:37 Conscription
35:37 Two-Man Saw
36:56 Plate Mail Armor
39:08 Fletching
39:41 Heavy Plow
39:07 Pikeman
42:00 Plate Barding Armor
40:46 Vendel Legacy
41:20 Cavalier
42:10 Bloodlines
42:52 Husbandry
46:20 Light Cavalry
48:22 Halberdier
49:10 Hussar
53:41 Caravan
57:17 Crop Rotation
57:40 Fortified Wall
57:51 Ballistics
58:32 Chemistry
66:42 Coinage
68:29 Fervor
68:16 Bodkin Arrow
68:21 Padded Archer Armor
67:44 Man-at-Arms
Connection lost

Rejoining the realm…

Still unreachable

The connection could not be restored.

Session expired

The server has moved on; the page needs a fresh start.